 Dungeon Crawl Stone Soup version 0.28.0 (webtiles) character file.

Game seed: 746253985797747899

25631 BALLS the Carver (level 13, -24/57 (72) HPs)
             Began as a Vine Stalker Fighter on Feb 4, 2022.
             Was a High Priest of Okawaru.
             Killed from afar by Nergalle (39 damage)
             ... with a bolt of negative energy
             ... on level 3 of the Lair of Beasts.
             The game lasted 00:35:30 (13342 turns).

BALLS the Carver (Vine Stalker Fighter)            Turns: 13342, Time: 00:35:31

HP:   -24/57 (72)   AC: 20    Str: 24    XL:     13   Next: 20%
MP:   0/19          EV: 12    Int:  8    God:    Okawaru [*****.]
Gold: 1038          SH:  7    Dex: 16    Spells: 12/12 levels left

rFire   + . .      SeeInvis .   U - +2 double sword (elec)
rCold   . . .      Faith    .   c - +0 buckler
rNeg    . . .      Spirit   +   b - +0 scale mail
rPois   +          Reflect  .   M - +0 helmet
rElec   +          Harm     .   A - +0 cloak {rPois}
rCorr   .          Rampage  .   g - +0 pair of gloves
Will    +....                   P - +1 pair of boots "Vakaisev" {rElec Dex+2}
Stlth   ++........              (no amulet)
HPRegen 0.99/turn               L - +4 ring of protection
MPRegen 0.16/turn               W - ring of protection from fire

@: heroic, finesse-ful, heavily drained
A: fangs 3, regeneration 1, magic shield, antimagic bite, no potion heal 2
a: Renounce Religion, Heroism, Finesse, Duel


You were on level 3 of the Lair of Beasts.
You worshipped Okawaru.
Okawaru was extremely pleased with you.
You visited 4 branches of the dungeon, and saw 18 of its levels.
You also visited: Ossuary.

You collected 1038 gold pieces.

Inventory:

Hand Weapons
 x - a +4 spear of venom
 K - the +5 great sword of the Enchanted Forest {venom, rN+ Str+6 Int-5}
   (Okawaru gifted it to you on level 1 of the Lair of Beasts)

   It poisons the flesh of those it strikes.
   Str:       It affects your strength (+6).
   Int:       It affects your intelligence (-5).
   rN:        It protects you from negative energy.
 N - a +0 hand axe of flaming
 T - a +2 scimitar of holy wrath
 U - a +2 double sword of electrocution (weapon)
Missiles
 o - 29 poisoned darts (quivered)
 q - 7 throwing nets
Armour
 b - a +0 scale mail (worn)
 c - a +0 buckler (worn)
 g - a +0 pair of gloves (worn)
 v - a +2 cloak
 A - a +0 cloak of poison resistance (worn)
 M - a +0 helmet (worn)
 O - +0 acid dragon scales
 P - the +1 pair of boots "Vakaisev" (worn) {rElec Dex+2}
   (Okawaru gifted it to you on level 12 of the Dungeon)

   Dex:       It affects your dexterity (+2).
   rElec:     It insulates you from electricity.
Jewellery
 u - a ring of fire
 L - a +4 ring of protection (left hand)
 S - a ring of willpower
 V - a ring of ice
 W - a ring of protection from fire (right hand)
 X - a ring of resist corrosion
Wands
 k - a wand of iceblast (3)
 E - a wand of paralysis (5)
 Q - a wand of flame (23)
 R - a wand of polymorph (3)
 Z - a wand of digging (9)
Scrolls
 a - a scroll of enchant weapon {unknown}
 e - 5 scrolls of enchant armour
 m - 4 scrolls of fog
 n - 10 scrolls of teleportation
 p - 3 scrolls of amnesia
 r - 4 scrolls of blinking
 w - 3 scrolls of summoning
 y - 2 scrolls of magic mapping {unknown}
 z - a scroll of silence {unknown}
 G - a scroll of fear
 Y - a scroll of immolation {unknown}
Potions
 d - 2 potions of might
 f - 3 potions of resistance
 i - 9 potions of curing
 j - 2 potions of attraction
 l - 2 potions of brilliance
 t - 2 potions of flight {unknown}
 B - a potion of magic {unknown}
 C - 2 potions of haste {unknown}
 D - 2 potions of invisibility {unknown}
 F - a potion of ambrosia {unknown}
 H - a potion of degeneration {unknown}
 I - 2 potions of mutation {unknown}
 J - 2 potions of lignification {unknown}


   Skills:
 + Level 10.2(15.2) Fighting
 + Level 13.7(18.7) Long Blades
 - Level 7.0(12.0) Armour
 - Level 7.0(12.0) Shields
 - Level 7.0 Invocations


You had 12 spell levels left.
You didn't know any spells.
Your spell library contained the following spells:

 Spells                   Type           Power      Damage    Failure   Level
 Freeze                   Ice            0%         1d3       71%         1
 Shock                    Conj/Air       0%         1d3       71%         1
 Blink                    Tloc           0%         N/A       83%         2
 Corpse Rot               Necr/Air       0%         N/A       83%         2
 Poisonous Vapours        Pois/Air       0%         N/A       83%         2
 Frozen Ramparts          Ice            0%         1d2       97%         3
 Gell's Gravitas          Tloc           0%         N/A       97%         3
 Lesser Beckoning         Tloc           0%         N/A       97%         3
 Swiftness                Air            0%         N/A       97%         3
 Teleport Other           Tloc           0%         N/A       97%         3
 Airstrike                Air            0%         N/A       100%        4
 Hailstorm                Conj/Ice       0%         3d3       100%        4
 Manifold Assault         Tloc           0%         N/A       100%        5
 Orb of Destruction       Conj           0%         9d5       100%        7
 Storm Form               Tmut/Air       0%         N/A       100%        7
 Summon Guardian Golem    Hex/Summ       Unusable   N/A       N/A         3
 Spellforged Servitor     Conj/Summ      Unusable   N/A       N/A         7

Dungeon Overview and Level Annotations

Branches:
Dungeon (13/15)            Temple (1/1) D:4            Lair (3/6) D:11
    Orc (1/2) D:9         Ossuary (visited)
  Swamp: Lair:2-4    Shoals: Lair:2-4     Snake: Lair:2-4    Spider: Lair:2-4
 Vaults: D:13-14

Altars:
Ashenzari
Cheibriados
Dithmenos
Elyvilon
Fedhas
Gozag
Hepliaklqana
Kikubaaqudgha
Makhleb
Nemelex Xobeh
Okawaru
Qazlal
Ru
Sif Muna
Trog
Uskayaw
Vehumet
Wu Jian
Xom
Yredelemnul
Zin
The Shining One
Beogh

Shops:
D:5 *

Annotations:
Lair:3 Nergalle


Innate Abilities, Weirdness & Mutations

You have razor-sharp teeth.
Your natural rate of healing is unusually fast.
When hurt, damage is shared between your health and your magic reserves.
Your bite disrupts and absorbs the magic of your enemies.
Potions cannot restore your health.


Message History

You slash the spectral orc knight!
The spectral orc knight is heavily damaged.
The spectral orc warrior barely misses you.
The spectral orc knight hits you with a +3 war axe!!
Nergalle points at you and mumbles some strange words.
Orcish apparitions take form around you.
The spectral orc knight hits you but does no damage.
You slash the spectral orc warrior!
You destroy the spectral orc warrior!
The spectral orc warrior disappears in a puff of smoke!
The spectral orc knight hits you with a +3 war axe!
Nergalle drinks a potion.
Nergalle's spells are empowered!
You barely miss the spectral orc knight.
You bite the spectral orc knight. You drain its power.
The spectral orc knight is severely damaged.
The spectral orc warrior closely misses you.
The spectral orc knight hits you with a +3 war axe.
You feel drained.
Nergalle blows her nose.
You block the spectral orc warrior's attack.
You gain the combat prowess of a mighty hero.
The spectral orc warrior hits you with a +0 mace.
You feel drained. The spectral orc knight misses you.
Nergalle blows her nose.
Nergalle points at you and mumbles some strange words.
Orcish apparitions take form around you.
A death yak comes into view.
The spectral orc warrior hits you but does no damage.
You can now deal lightning-fast blows.
The death yak bellows!
You hear a bellow!
The spectral orc warrior hits you with a +0 mace!
You feel drained.
The spectral orc knight hits you with a +3 war axe!
* * * LOW HITPOINT WARNING * * *
Nergalle gestures at you while chanting.
The bolt of negative energy hits the spectral orc knight.
The spectral orc knight completely resists.
The bolt of negative energy hits you!!!
You feel drained.
Ouch! That really hurt!
You die...

...........####
..........##
#........#.#
#...(...P### #.........#
P.......#.# ..........#
..รท......## ###
.........#######@##
..........P#...ZZZ#...
#..........#..ZZZ.oY....
##......................
.......................Y
........................
........................
........................
........................


You could see 2 death yaks, Nergalle (empowered), 2 spectral orcs, 3 spectral
orc warriors and a spectral orc knight (summoned).

Vanquished Creatures
  Harold (D:10)
  2 hydras
  Fannar (Lair:2)
  4 two-headed ogres
  A cyclops (D:12)
  2 manticores
  A black mamba (Lair:1)
  An elephant (D:11)
  A gargoyle (D:12)
  6 cane toads
  2 unseen horrors (D:10)
  3 kobold demonologists
  4 komodo dragons (Lair:1)
  A troll (D:9)
  A meliai zombie (D:10)
  8 blink frogs
  3 shadows
  2 wyverns
  20 yaks
  3 wraiths
  3 basilisks
  A steam dragon (D:8)
  3 vampire mosquitoes (D:12)
  3 acid dragons
  6 water moccasins
  3 ice beasts
  3 black bears
  8 orc warriors
  2 sky beasts (D:6)
  9 wolves
  6 ogres
  A necrophage (D:5)
  2 centaurs
  An elf zombie (Ossuary)
  2 kobold brigands
  12 bullfrogs
  2 gnoll sergeants
  4 scorpions
  A wyvern zombie (D:7)
  A wyvern skeleton (D:7)
  2 water moccasin skeletons
  8 killer bees
  3 centaur zombies
  Crazy Yiuf (D:6)
  A hound (D:4)
  2 jellies
  8 orc priests
  2 gnoll shamans (D:4)
  4 iguanas
  2 centaur skeletons
  7 hell rats (Lair:3)
  10 orc wizards
  2 mummies (Ossuary)
  A howler monkey zombie (D:6)
  13 gnolls
  A howler monkey skeleton (D:7)
  6 adders
  A white imp (D:6)
  6 adder zombies (Ossuary)
  An adder skeleton (D:4)
  3 worms
  2 dart slugs
  53 orcs
  7 ball pythons
  6 bats
  11 endoplasms
  2 giant cockroaches (D:1)
  5 goblins
  13 hobgoblins
  6 jackals
  13 kobolds
  5 quokkas
  5 frilled lizards
  2 goblin zombies (Ossuary)
  8 hobgoblin zombies (Ossuary)
  11 kobold zombies (Ossuary)
  8 orc zombies (Ossuary)
  4 rats
  A rat zombie (Ossuary)
386 creatures vanquished.

Vanquished Creatures (others)
  An adder (D:3)
  10 fungi
  21 plants
32 creatures vanquished.

Grand Total: 418 creatures vanquished

Notes
Turn   | Place    | Note
-------+----------+-------------------------------------------
     0 | D:1      | BALLS the Vine Stalker Fighter began the quest for the Orb.
     0 | D:1      | Reached XP level 1. HP: 11/11 MP: 2/2
     9 | D:1      | Reached skill level 2 in Long Blades
    73 | D:1      | Reached XP level 2. HP: 4/16 MP: 0/3
   541 | D:1      | Reached skill level 3 in Long Blades
   544 | D:1      | Reached XP level 3. HP: 19/19 MP: 4/4
  1268 | D:2      | Gained mutation: Your natural rate of healing is unusually
                  | fast. [Vine Stalker growth]
  1268 | D:2      | Reached XP level 4. HP: 23/23 MP: 5/5
  1343 | D:2      | Reached skill level 4 in Long Blades
  1358 | D:2      | Found a radiant altar of Vehumet.
  1880 | D:3      | Found a faded altar of an unknown god.
  1897 | D:3      | Noticed an ice beast
  2211 | D:3      | Reached XP level 5. HP: 23/27 MP: 6/6
  2408 | D:4      | Noticed an ogre
  2422 | D:3      | HP: 1/27 [ogre (21)]
  2461 | D:3      | Killed an ogre
  2462 | D:3      | Reached skill level 5 in Long Blades
  2462 | D:3      | Reached XP level 6. HP: 26/32 MP: 2/7
  2562 | D:3      | Killed an ice beast
  2563 | D:3      | Reached skill level 6 in Long Blades
  2747 | D:4      | Reached XP level 7. HP: 31/35 MP: 6/8
  2863 | D:4      | Reached skill level 7 in Long Blades
  3044 | D:4      | Found a staircase to the Ecumenical Temple.
  3050 | Temple   | Entered the Ecumenical Temple
  3066 | Temple   | Became a worshipper of Warmaster Okawaru
  3450 | D:4      | Found a hazy altar of Hepliaklqana.
  3616 | D:4      | Reached * piety under Okawaru
  3617 | D:4      | Reached skill level 5 in Fighting
  3617 | D:4      | Gained mutation: You have razor-sharp teeth. [Vine Stalker
                  | growth]
  3617 | D:4      | Reached XP level 8. HP: 39/43 MP: 6/9
  3952 | D:5      | Entered Level 5 of the Dungeon
  4086 | D:5      | Noticed a wyvern
  4396 | D:5      | Found Vosi's Assorted Antiques.
  4421 | D:5      | Killed a wyvern
  4422 | D:5      | Reached skill level 5 in Invocations
  4422 | D:5      | Reached skill level 5 in Shields
  4422 | D:5      | Reached XP level 9. HP: 13/47 MP: 4/13
  4684 | D:5      | Reached ** piety under Okawaru
  4929 | D:6      | Identified the +1 robe of Meager Salvation {rC+ Regen+
                  | Archmagi}
  5090 | D:4      | HP: 2/47 [poisoned by a gnoll sergeant]
  5251 | D:6      | Found a runed translucent door.
  5252 | D:6      | Noticed Crazy Yiuf
  5461 | D:6      | Reached skill level 5 in Armour
  5719 | D:6      | Killed Crazy Yiuf
  5785 | D:7      | Found a sand-covered staircase.
  5790 | Ossuary  | Entered an ossuary
  6250 | D:7      | Noticed a kobold demonologist
  6260 | D:7      | Noticed a red devil
  6264 | D:7      | Killed a kobold demonologist
  6265 | D:7      | Reached skill level 8 in Long Blades
  6277 | D:7      | Reached *** piety under Okawaru
  6313 | D:7      | Reached skill level 9 in Long Blades
  6313 | D:7      | Reached XP level 10. HP: 24/51 MP: 10/14
  7354 | D:8      | Reached skill level 10 in Long Blades
  7646 | D:8      | Noticed a manticore
  7658 | D:8      | Killed a manticore
  7895 | D:9      | Noticed a two-headed ogre
  8111 | D:9      | Reached **** piety under Okawaru
  8240 | D:9      | Found a staircase to the Orcish Mines.
  8256 | D:9      | Killed a two-headed ogre
  8256 | D:9      | Received a gift from Okawaru
  8969 | D:9      | Reached XP level 11. HP: 45/60 MP: 15/15
  9081 | Orc:1    | Entered Level 1 of the Orcish Mines
  9178 | D:10     | Entered Level 10 of the Dungeon
  9575 | D:10     | Reached ***** piety under Okawaru
  9822 | D:10     | Noticed Harold
  9841 | D:10     | Killed Harold
 10123 | D:11     | You fall into a shaft and drop 2 floors!
 10123 | D:13     | Noticed a deep elf pyromancer
 10123 | D:13     | Noticed a catoblepas
 10125 | D:13     | Noticed a two-headed ogre
 10127 | D:13     | Noticed a red ugly thing
 10128 | D:13     | a two-headed ogre changed into a merfolk
 10190 | D:12     | Noticed a cyclops
 10202 | D:12     | Killed a cyclops
 10224 | D:12     | Noticed a manticore
 10235 | D:12     | Killed a manticore
 10292 | D:12     | Noticed a two-headed ogre
 10305 | D:12     | Killed a two-headed ogre
 10323 | D:12     | Identified the +1 pair of boots "Vakaisev" {rElec Dex+2}
                  | (Okawaru gifted it to you on level 12 of the Dungeon)
 10323 | D:12     | Received a gift from Okawaru
 10346 | D:12     | Noticed a soul eater
 10405 | D:12     | Noticed a boulder beetle
 10635 | D:11     | Found a staircase to the Lair.
 10861 | D:11     | Noticed a two-headed ogre
 10868 | D:11     | Killed a two-headed ogre
 10869 | D:11     | Reached XP level 12. HP: 47/65 MP: 12/18
 10984 | D:11     | Reached skill level 11 in Long Blades
 11155 | D:11     | Noticed a two-headed ogre
 11167 | D:11     | Killed a two-headed ogre
 11241 | Lair:1   | Entered Level 1 of the Lair of Beasts
 11523 | Lair:1   | Reached skill level 12 in Long Blades
 11572 | Lair:1   | Identified the +5 great sword of the Enchanted Forest
                  | {venom, rN+ Str+6 Int-5} (Okawaru gifted it to you on level
                  | 1 of the Lair of Beasts)
 11572 | Lair:1   | Received a gift from Okawaru
 11871 | Lair:1   | Noticed a five-headed hydra
 11886 | Lair:1   | Killed a one-headed hydra
 12244 | Lair:2   | Reached skill level 13 in Long Blades
 12321 | Lair:2   | Noticed Fannar
 12344 | Lair:2   | Killed Fannar
 12344 | Lair:2   | Received a gift from Okawaru
 12469 | Lair:2   | Reached XP level 13. HP: 72/72 MP: 19/19
 12960 | Lair:3   | Identified the +8 fustibalus of Midwinter {flame, rC+ MP+9}
 12989 | Lair:3   | Reached skill level 10 in Fighting
 13332 | Lair:3   | Noticed Nergalle
 13342 | Lair:3   | Killed from afar by Nergalle

Illustrated notes

Levels and vault maps discovered:
D:1:      dpeg_arrival_chambers_temple_mockup, layout_basic, nrook_mini_vaults
D:2:      layout_basic, basic_altar
D:3:      layout_rooms, shapermc_ecumenical_altar_ellora,
          hangedman_abyss_or_decor_stabs, kennysheep_crisscross,
          chequers_serial_rivers_large_a, minmay_misc_feat_room,
          minmay_misc_feat_square, lemuel_old_faithful
D:4:      layout_cave_pools, mainiacjoe_overflow_alcove_4,
          minmay_temple_entry_mini_moons, nzn_random_ring
D:5:      layout_loops_ring, serial_shops, kennysheep_mini
D:6:      layout_cave_pools, uniq_crazy_yiuf_cottage
D:7:      layout_loops_ring, enter_ossuary_5, kennysheep_small_circle
D:8:      nicolae_cairo_tiling_large, layout_basic, special_room
          [special_room_orc], small_chamber_with_monster
D:9:      layout_stronghold, orc_0_dummy, grunt_ministairs_13
D:10:     layout_roguey, uniq_harold
D:11:     layout_roguey, david_lair_generic
D:12:     layout_irregular_city, serial_column_ruins, column_ruins_hut_pillars,
          column_ruins_open_small, column_ruins_grid_1,
          column_ruins_open_medium, column_ruins_grid_4, column_ruins_open_tiny,
          column_ruins_open_tiny, ebering_dispersal_statue_hall
D:13:     layout_big_octagon, erik_vaults_2
Temple:   regret_index_temple_sigil_plot
Lair:1:   layout_misc_corridors, serial_bayou_pond_a, grunt_forest_stairs_basic,
          lemuel_fruit_tree
Lair:2:   layout_regular_city, minmay_holes, uniq_fannar
Lair:3:   layout_hall_layers, uniq_nergalle
Orc:1:    layout_caves

Skill      XL: |  1  2  3  4  5  6  7  8  9 10 11 12 13 |
---------------+----------------------------------------+-----
Long Blades    | 2 3 4 5 6 7 9 10 13 | 13.7
Fighting       | 5 8 9 10 | 10.2
Shields        | 3 5 7 |  7.0
Invocations    | 5 7 |  7.0
Armour         | 5 7 |  7.0

Action                   |  1- 3 |  4- 6 |  7- 9 | 10-12 | 13-15 || total
-------------------------+-------+-------+-------+-------+-------++-------
Melee: Long sword        |    76 |   156 |   422 |   511 |       ||  1165
       Bite              |    15 |    35 |   160 |   252 |    32 ||   494
       Scimitar          |       |       |       |   232 |       ||   232
       Double sword      |       |       |       |     6 |    85 ||    91
       Hand axe          |       |       |       |     5 |     6 ||    11
Invok: Heroism           |       |       |     4 |    16 |     2 ||    22
       Finesse           |       |       |       |     3 |     1 ||     4
  Use: Scroll            |       |     4 |     3 |     5 |     3 ||    15
       Potion            |       |       |     1 |       |       ||     1
Armor: Scale mail        |    35 |    53 |   202 |   344 |    60 ||   694
Dodge: Dodged            |    41 |    72 |   191 |   280 |    51 ||   635
Block: Buckler           |    19 |    36 |   104 |   210 |    36 ||   405
